 Dungeon Crawl Stone Soup version 0.24.0-125-gc4c63601f3 (webtiles) character file.

Game seed: 2977567315938199752, levelgen mode: deterministic

298 Jabberih the Insei (level 6, 0/38 HPs)
             Began as an Octopode Transmuter on Feb 20, 2020.
             Slain by a sky beast (5 damage)
             ... on level 2 of the Dungeon.
             The game lasted 00:10:19 (3283 turns).

Jabberih the Insei (Octopode Transmuter)            Turns: 3283, Time: 00:10:19

Health: 0/38       AC:  1    Str: 11    XL:     6   Next: 35%
Magic:  11/11      EV: 13    Int: 16    God:
Gold:   165        SH:  0    Dex: 12    Spells: 6/12 levels left

rFire    . . .     SeeInvis .     - Unarmed
rCold    . . .     Gourm    .   (no shield)
rNeg     . . .     Faith    .   (helmet restricted)
rPois    .         Spirit   .   (no amulet)
rElec    .         Reflect  .   (no ring)
rCorr    .         Harm     .   (no ring)
MR       .....                  (no ring)
Stlth    ++........             (no ring)
HPRegen  0.12/turn              (no ring)
MPRegen  0.12/turn              (no ring)
                                (no ring)
                                (no ring)

@: no status effects
A: almost no armour, stealthy swim, amphibious, 8 rings, constrict 8, camouflage
1, gelatinous body 1
a: no special abilities


You were on level 2 of the Dungeon.
You were not hungry.

You visited 1 branch of the dungeon, and saw 4 of its levels.

You collected 165 gold pieces.

Inventory:

Hand Weapons
 o - a +2 dagger of speed
Missiles
 j - 43 stones (quivered)
Armour
 q - a +0 buckler
Scrolls
 b - 2 scrolls of enchant armour {unknown}
 f - 2 scrolls of teleportation {unknown}
 h - 4 scrolls of identify {unknown}
 l - 4 scrolls of amnesia {unknown}
 m - 3 scrolls of remove curse {unknown}
 p - a scroll of immolation {unknown}
Potions
 a - a potion of brilliance {unknown}
 e - 2 potions of lignification {unknown}
 g - 3 potions of degeneration {unknown}
 i - 2 potions of heal wounds {unknown}
 k - a potion of flight {unknown}
 n - a potion of magic {unknown}
Comestibles
 c - 9 rations
 d - 4 chunks of flesh


   Skills:
 - Level 1.0 Fighting
 - Level 2.0 Dodging
 * Level 5.5 Unarmed Combat
 + Level 3.5 Spellcasting
 - Level 3.1 Transmutations


You had 6 spell levels left.
You knew the following spells:

 Your Spells              Type           Power        Failure   Level  Hunger
a - Beastly Appendage     Tmut           ##....       4%          1    None
b - Sticks to Snakes      Tmut           ##......     8%          2    ##.....
c - Spider Form           Tmut/Pois      #.........   28%         3    ###....

Your spell library contained the following spells:

 Spells                   Type           Power        Failure   Level  Hunger
 Magic Dart               Conj           #...         19%         1    None
 Searing Ray              Conj           #.....       26%         2    ##.....
 Dazzling Spray           Conj/Hex       #.....       47%         3    ###....
 Ice Form                 Ice/Tmut       #.......     67%         4    ####...
 Blade Hands              Tmut           ##........   80%         5    ######.
 Force Lance              Conj/Tloc      #.......     87%         4    ####...
 Fulminant Prism          Conj/Hex       #.........   87%         4    ####...
 Iskenderun's Mystic Bla  Conj           #.......     87%         4    ####...


Dungeon Overview and Level Annotations

Branches:
Dungeon (4/15)
 Temple: D:4-7

Altars:
Cheibriados
Makhleb
Qazlal
Uskayaw
Xom


Innate Abilities, Weirdness & Mutations

You cannot wear most types of armour.
You are very stealthy in the water. (Stealth+)
You are amphibious.
You can wear up to eight rings at the same time.
You can use your tentacles to constrict eight enemies at once.
Your skin changes colour to match your surroundings (Stealth+).
Your rubbery body absorbs attacks. (AC +1, EV +1)


Message History

* * * LOW HITPOINT WARNING * * *
Unknown command.
A sky beast appears from thin air!
Reactivating autopickup.
The sky beast flickers out of sight!
Deactivating autopickup; reactivate with Ctrl-A.
A sky beast appears from thin air!
Reactivating autopickup.
The sky beast flickers out of sight!
Deactivating autopickup; reactivate with Ctrl-A.
There is a stone staircase leading up here.
Something hits you. Something shocks you.
* * * LOW HITPOINT WARNING * * *
You climb upwards.
Reactivating autopickup.
There is a stone staircase leading down here.
A sky beast appears from thin air!
The sky beast hits you.
* * * LOW HITPOINT WARNING * * *
The sky beast shocks you.
You die...

##.......#.......# #.#
#.......############ #.#
#.##.#..# #.....# #.#
#.......# #.###.# #.#
#......#######.###.# #.#
####.###....<....#.###.#
#.###.#####.#.......#
#.....# #Y###.#####
####### #>@...# #####
####### ....# ###.#
###.##### #...)...#
#.#.###.# #.#.###.#
#.#..##.#


You could see a sky beast.

Vanquished Creatures
  A bullfrog zombie (D:3)
  A hound (D:4)
  An orc wizard (D:3)
  A worker ant (D:2)
  Natasha (thrice) (D:3)
  5 adders
  2 oozes
  A worm (D:4)
  A dart slug (D:2)
  3 leopard geckos
  4 orcs (D:3)
  4 giant cockroaches
  7 goblins
  8 hobgoblins
  2 jackals (D:3)
  2 kobolds (D:1)
  3 ball pythons
  7 bats
  8 frilled lizards
  5 rats
69 creatures vanquished.

Vanquished Creatures (collateral kills)
  An orc (D:3)
  A kobold (D:2)
2 creatures vanquished.

Grand Total: 71 creatures vanquished

Notes
Turn   | Place    | Note
-------+----------+-------------------------------------------
     0 | D:1      | Jabberih the Octopode Transmuter began the quest for the
                  | Orb.
     0 | D:1      | Reached XP level 1. HP: 13/13 MP: 3/3
    95 | D:1      | Reached XP level 2. HP: 13/18 MP: 3/5
   616 | D:1      | Learned a level 2 spell: Sticks to Snakes
   632 | D:2      | Reached XP level 3. HP: 22/23 MP: 6/6
   829 | D:2      | Reached skill level 4 in Unarmed Combat
   845 | D:2      | Reached XP level 4. HP: 28/28 MP: 5/7
  1043 | D:2      | Found a shimmering altar of Xom.
  1044 | D:2      | Found a shimmering altar of Xom.
  1054 | D:2      | Found a shimmering altar of Xom.
  1337 | D:2      | Found a burning altar of Makhleb.
  1882 | D:3      | Found a stormy altar of Qazlal.
  2028 | D:3      | Reached XP level 5. HP: 20/33 MP: 6/9
  2391 | D:3      | Found a hide-covered altar of Uskayaw.
  2412 | D:3      | Learned a level 3 spell: Spider Form
  2413 | D:3      | Noticed a +0 dagger
  2413 | D:3      | Noticed a +0 hand axe
  2509 | D:3      | Found a snail-covered altar of Cheibriados.
  2606 | D:3      | Reached skill level 5 in Unarmed Combat
  2683 | D:3      | Noticed Natasha
  2690 | D:3      | Killed Natasha
  2716 | D:3      | Noticed Natasha
  2807 | D:3      | Killed Natasha
  2807 | D:3      | Reached XP level 6. HP: 30/38 MP: 5/11
  2809 | D:3      | Noticed Natasha
  3063 | D:3      | Killed Natasha
  3166 | D:4      | Noticed a sky beast
  3283 | D:2      | Slain by a sky beast

Levels and vault maps discovered:
D:1:      minmay_arrival_nine_rooms, layout_loops_ring, feat_on_display
D:2:      layout_loops_cross, lemuel_crystal_altar, xom_redecorated,
          first_ration
D:3:      layout_loops_cross, nicolae_qazlal_general_emergency,
          dancing_weapons_uskayaw, cheibriados_altar_1, uniq_natasha
D:4:      layout_basic, bloody_trog, minmay_liquid_box, uniq_pikel

Skill      XL: |  1  2  3  4  5 |
---------------+----------------+-----
Unarmed Combat | 4 5 |  5.5
Spellcasting   | 3 |  3.5
Transmutations | 3 |  3.1
Fighting       | |  1.0
Dodging        | |  2.0

Action                   |  1- 3 |  4- 6 || total
-------------------------+-------+-------++-------
Melee: Unarmed           |    60 |    59 ||   119
       Constrict         |    13 |    25 ||    38
       Kick              |     8 |     6 ||    14
       Tentacles         |     6 |    14 ||    20
       Punch             |     2 |     4 ||     6
       Dagger            |       |    52 ||    52
Throw: Stone             |       |     5 ||     5
 Cast: Beastly Appendage |    10 |     3 ||    13
       Sticks to Snakes  |     1 |    11 ||    12
 Stab: Sleeping          |     6 |     5 ||    11
  Eat: Chunk             |       |     6 ||     6
       Ration            |       |     1 ||     1
Armor: Skin              |     5 |     8 ||    13
Dodge: Dodged            |    32 |    64 ||    96
